 Dungeon Sprint DCSS version 0.28.0-49-g6dfe1f597d (webtiles) character file.

Game seed: 14394229749716913444

5780 Revguard the Champion of Chaos (level 10, -10/85 HPs)
             Began as a Demonspawn Fighter on May 18, 2022.
             Was the Champion of Makhleb.
             Drowned by a water nymph (13 damage)
             ... in the Dungeon (Sprint V: "Ziggurat Sprint").
             The game lasted 00:07:20 (447 turns).

Revguard the Champion of Chaos (Demonspawn Fighter)  Turns: 447, Time: 00:07:22

Health: -10/85     AC: 32    Str: 23    XL:     10   Next: 50%
Magic:  19/19      EV:  7    Int: 10    God:    Makhleb [******]
Gold:   0          SH: 36    Dex: 22    Spells: 9/9 levels left

rFire   . . .      SeeInvis .   C - +7 Screaming Sword {vorpal, sonic wave}
rCold   . . .      Faith    .   E - +18 shield of the Gong {rElec rN+ Will+ EV-5}
rNeg    + . .      Spirit   .   D - +15 Maxwell's patent armour {-Cast -Tele rElec Will+ rCorr}
rPois   .          Reflect  +   (helmet restricted)
rElec   +          Harm     .   (no cloak)
rCorr   +          Rampage  .   (no gloves)
Will    ++...      NoTele   +   a - +1 pair of boots {Stlth+}
Stlth   .......... NoCast   +   F - amulet "Atimextorche" {Reflect SH+5 Stlth+}
HPRegen 0.24/turn               x - +6 ring of strength
MPRegen 0.32/turn               t - +6 ring of dexterity

@: studying 2 skills, very slow
A: antennae 2, powered by death 2, magic regeneration, sturdy frame 1
a: Renounce Religion, Minor Destruction, Lesser Servant of Makhleb, Major
Destruction, Greater Servant of Makhleb


You were in the Dungeon.
You worshipped Makhleb.
Makhleb was exalted by your worship.
You visited 1 branch

Inventory:

Hand Weapons
 C - the +7 Screaming Sword (weapon) {vorpal, sonic wave}
   (You found it in the Dungeon)

   It inflicts extra damage upon your enemies.
   It radiates damaging sonic waves as it strikes, especially in combat
   involving dangerous or numerous foes.
Armour
 a - a +1 pair of boots of stealth (worn)
 D - the +15 Maxwell's patent armour (worn) {-Cast -Tele rElec Will+ rCorr}
   (You found it in the Dungeon)

   rElec:     It insulates you from electricity.
   -Cast:     It prevents spellcasting.
   -Tele:     It prevents most forms of teleportation.
   rCorr:     It protects you from acid and corrosion.
   Will:      It increases your willpower.
 E - the +18 shield of the Gong (worn) {rElec rN+ Will+ EV-5}
   (You found it in the Dungeon)

   It is deafeningly noisy when blocking attacks.
   EV:        It affects your evasion (-5).
   rElec:     It insulates you from electricity.
   rN:        It protects you from negative energy.
   Will:      It increases your willpower.
Jewellery
 b - the ring of the Monkey {Wiz rF+ Int+3}
   (You found it in the Dungeon)

   [ring of wizardry]

   It improves your spell success rate.
   Int:       It affects your intelligence (+3).
   rF:        It protects you from fire.
 s - a ring of flight
 t - a +6 ring of dexterity (right hand)
 u - a +6 ring of dexterity
 v - a +6 ring of intelligence
 w - a +6 ring of intelligence
 x - a +6 ring of strength (left hand)
 y - a +6 ring of strength
 F - the amulet "Atimextorche" (around neck) {Reflect SH+5 Stlth+}
   (You found it in the Dungeon)

   [amulet of reflection]

   It reflects blocked missile attacks.
   SH:        It affects your SH (+5).
   Stlth:     It makes you more stealthy.
 H - the ring of Soqats {rC+ MP+9 Int+5}
   (You found it in the Dungeon)

   [ring of magical power]

   Int:       It affects your intelligence (+5).
   rC:        It protects you from cold.
   MP:        It affects your magic capacity (+9).
 I - an amulet of faith
 K - the ring of Midnight {rElec Will+}
   (You found it in the Dungeon)

   [ring of willpower]

   rElec:     It insulates you from electricity.
   Will:      It increases your willpower.
Wands
 z - a wand of mindburst (7)
 A - a wand of iceblast (7)
 B - a wand of acid (7)
Scrolls
 j - 4 scrolls of blinking
 n - 4 scrolls of enchant armour
 o - 4 scrolls of amnesia
 p - 7 scrolls of fog
 q - 5 scrolls of identify
 r - 2 scrolls of fear
 L - 4 scrolls of enchant weapon
Potions
 d - 6 potions of might
 e - 10 potions of curing
 f - 8 potions of heal wounds
 g - 10 potions of haste
 h - 7 potions of magic
 i - 3 potions of berserk rage
 k - 2 potions of brilliance
 l - 2 potions of invisibility
 m - 4 potions of resistance
Miscellaneous
 G - a box of beasts
 J - a piece from Xom's chessboard (15/15)


   Skills:
 + Level 10.1 Fighting
 + Level 9.4 Long Blades
 + Level 10.0 Armour
 + Level 8.9 Dodging
 + Level 9.3 Shields
 + Level 12.4 Invocations
 + Level 9.7 Evocations


You had 9 spell levels left.
You didn't know any spells.
Your spell library contained the following spells:

 Spells                   Type           Power      Damage    Failure   Level
 Frozen Ramparts          Ice            0%         1d2       100%        3
 Petrify                  Tmut/Erth      0%         N/A       100%        4
 Alistair's Intoxication  Tmut/Pois      0%         N/A       100%        5
 Blade Hands              Tmut           0%         N/A       100%        5
 Borgnjor's Vile Clutch   Necr/Erth      0%         N/A       100%        5
 Irradiate                Conj/Tmut      0%         3d13      100%        5
 Iron Shot                Conj/Erth      0%         9d1       100%        6
 Dragon Form              Tmut           0%         N/A       100%        7
 Storm Form               Tmut/Air       0%         N/A       100%        7
 Necromutation            Tmut/Necr      0%         N/A       100%        8
 Chain Lightning          Conj/Air       0%         N/A       100%        9
 Fire Storm               Conj/Fire      0%         5d1       100%        9
 Shatter                  Erth           0%         3d5*      100%        9


Dungeon Overview and Level Annotations

Branches:
Dungeon (1/1)

Altars:
Ashenzari
Cheibriados
Dithmenos
Elyvilon
Fedhas
Gozag
Hepliaklqana
Kikubaaqudgha
Makhleb
Nemelex Xobeh
Okawaru
Qazlal
Ru
Sif Muna
Trog
Uskayaw
Vehumet
Wu Jian
Xom
Yredelemnul
Zin
The Shining One
Beogh
Jiyva
Lugonu


Innate Abilities, Weirdness & Mutations

You have a pair of antennae on your head.
You regenerate health from kills.
You regenerate magic rapidly.
Your movements are slightly less encumbered by armour. (ER -2)


Message History

You easily resist.
You feel much better. You block the harpy's attack.
SHROANNG!
You block the harpy's attack.
BONNNG!
The water nymph casts a spell at you. The water swirls and strikes you!!!
* * * LOW HITPOINT WARNING * * *
You block the sea snake's attack.
PANG!
The merfolk javelineer hits you but does no damage.
The water nymph touches you. The water nymph drowns you!
* * * LOW HITPOINT WARNING * * *
Okay, then.
You feel much better. You block the harpy's attack.
SHROANNG!
You block the harpy's attack.
SHROANNG!
You block the sea snake's attack.
PTOANNNG!
The merfolk siren chants a haunting song.
You resist with some effort. The water nymph casts a spell at you.
The water swirls and strikes you!
* * * LOW HITPOINT WARNING * * *
The sea snake completely misses you.
A demon appears!
You block the harpy's attack.
PTOANNNG!
You block the harpy's attack.
GONNNNG!
The harpy claws you but does no damage. You block the harpy's attack.
PANG!
The water nymph casts a spell at you. The water swirls and strikes you.
You block the merfolk javelineer's attack.
BOUMMMMG!
The harpy claws you but does no damage. x2; The water nymph touches you!
* * * LOW HITPOINT WARNING * * *
The water nymph drowns you!
You die...

▓≈≈)=≈=:≈.▓..:|})|..▓
▓≈≈[[:[[..▓...)..[..▓
▓≈≈≈≈.≈..≈▓....†....▓
▓≈≈≈≈≈≈.≈.▓.........▓
▓.≈≈≈≈≈≈≈≈▓.........▓
▓≈≈≈≈Cm≈.≈▓....†....▓
▓≈.≈mm.m≈≈▓.▓.....▓.▓
▓.▓≈mSH≈▓≈▓....©....▓
▓..≈1@mH≈.▓▓▓▓▓▓▓▓▓▓▓
▓▓▓▓▓▓▓▓▓▓▓


{{{{{{{{ {{{{{{{{{ {{{{{{{{ You could see a merfolk javelineer, a sea snake
(ally target), a merfolk aquamancer, a cyclops, a merfolk siren, 3 water nymphs,
2 harpies and a friendly Executioner (summoned).

Vanquished Creatures
  A spriggan druid (D)
  2 naga magi (D)
  3 black mambas (D)
  A polar bear (D)
  2 hornets (D)
  4 spriggans (D)
  2 yaks (D)
  A naga (D)
  A hell hound (D)
  A water moccasin (D)
  4 black bears (D)
  7 wolves (D)
  3 phantoms (D)
  A bullfrog (D)
  4 scorpions (D)
  5 adders (D)
  3 river rats (D)
  A shadow imp (D)
  An adder simulacrum (D)
  A jackal (D)
  3 ball pythons (D)
  A ball python simulacrum (D)
  A ball python skeleton (D)
  A ball python zombie (D)
  A jackal skeleton (D)
  A quokka skeleton (D)
56 creatures vanquished.

Notes
Turn   | Place    | Note
-------+----------+-------------------------------------------
     0 | D        | Revguard the Demonspawn Fighter began the quest for the
                  | Orb.
     0 | D        | Reached XP level 1. HP: 18/18 MP: 1/1
     0 | D        | Found a shimmering blue altar of Sif Muna.
     0 | D        | Found a bloodstained altar of Trog.
     0 | D        | Found a sacrificial altar of Ru.
     0 | D        | Found a stormy altar of Qazlal.
     0 | D        | Found an iron altar of Okawaru.
     1 | D        | Found a sparkling altar of Nemelex Xobeh.
     1 | D        | Found a blossoming altar of Fedhas.
     1 | D        | Found the +6 Majin-Bo {vamp, MP+6 Int+6}
     1 | D        | Found the +9 heavy crossbow "Sniper" {vorpal, Acc+∞ SInv}
     1 | D        | Found the +10 dark maul {vorpal}
     1 | D        | Found the +15 Maxwell's patent armour {-Cast -Tele rElec
                  | Will+ rCorr}
     1 | D        | Found the +18 shield of the Gong {rElec rN+ Will+ EV-5}
     1 | D        | Found the +14 obsidian axe {vorpal, Mesm Drain Fly SInv}
     1 | D        | Found the +7 great mace "Firestarter" {inner flame, rF++}
     1 | D        | Found the +6 shillelagh "Devastator" {shatter}
     1 | D        | Found the +11 plutonium sword {Contam Stlth-}
     1 | D        | Found the +8 lance "Wyrmbane" {slay drac, rPois rF+ rC+
                  | AC+3}
     1 | D        | Found the +9 sword of Zonguldrok {reap}
     1 | D        | Found the +13 scythe of Curses {drain, Drain}
     1 | D        | Found the +5 sword of Power {vorpal}
     1 | D        | Found the +7 mace of Variability {chain chaos}
     1 | D        | Found the +7 Singing Sword {vorpal, sonic wave}
     1 | D        | Found the +8 storm bow {elec, penet}
     3 | D        | Found a transporter.
     3 | D        | Found an ancient bone altar of Kikubaaqudgha.
     3 | D        | Found a viscous altar of Jiyva.
     3 | D        | Found a corrupted altar of Lugonu.
     3 | D        | Found a hazy altar of Hepliaklqana.
     3 | D        | Found a burning altar of Makhleb.
     3 | D        | Found an opulent altar of Gozag.
    65 | D        | Became a worshipper of Makhleb the Destroyer
    67 | D        | Reached skill level 1 in Dodging
    67 | D        | Reached skill level 3 in Invocations
    67 | D        | Gained mutation: Your movements are slightly less
                  | encumbered by armour. (ER -2) [demonic ancestry]
    67 | D        | Reached XP level 2. HP: 25/25 MP: 1/4
   104 | D        | Entered arena 2.
   104 | D        | Found a transporter.
   116 | D        | Entered arena 3.
   116 | D        | Noticed a polar bear
   116 | D        | Found a transporter.
   119 | D        | Reached * piety under Makhleb
   122 | D        | Killed a polar bear
   123 | D        | Reached skill level 5 in Fighting
   123 | D        | Reached skill level 5 in Long Blades
   123 | D        | Reached skill level 5 in Armour
   123 | D        | Reached skill level 5 in Invocations
   123 | D        | Gained mutation: You have a pair of small antennae on your
                  | head. [demonic ancestry]
   123 | D        | Reached XP level 3. HP: 33/33 MP: 5/7
   123 | D        | Reached XP level 4. HP: 39/39 MP: 5/8
   123 | D        | Gained mutation: You regenerate a little health from kills.
                  | [demonic ancestry]
   123 | D        | Reached XP level 5. HP: 44/44 MP: 5/9
   130 | D        | Entered arena 4.
   130 | D        | Noticed a hell hound
   130 | D        | Found a transporter.
   132 | D        | Reached ** piety under Makhleb
   136 | D        | Killed a hell hound
   137 | D        | Reached skill level 5 in Shields
   137 | D        | Reached skill level 6 in Invocations
   137 | D        | Reached skill level 5 in Evocations
   137 | D        | Reached XP level 6. HP: 50/52 MP: 6/11
   146 | D        | Got the amulet "Atimextorche" {Reflect SH+5 Stlth+}
   154 | D        | Entered arena 5.
   154 | D        | Found a transporter.
   156 | D        | Reached *** piety under Makhleb
   157 | D        | Reached skill level 7 in Invocations
   158 | D        | Reached skill level 5 in Dodging
   158 | D        | Reached XP level 7. HP: 58/59 MP: 9/12
   162 | D        | Got Sif Muna's Collected Works on Transmutation
   167 | D        | Entered arena 6.
   167 | D        | Found the +8 arc blade {discharge, rElec}
   167 | D        | Found a transporter.
   170 | D        | Reached **** piety under Makhleb
   173 | D        | Reached skill level 8 in Invocations
   174 | D        | Reached ***** piety under Makhleb
   184 | D        | Entered arena 7.
   184 | D        | Noticed a black mamba
   184 | D        | Noticed a black mamba
   185 | D        | Found a transporter.
   187 | D        | Killed a black mamba
   188 | D        | Reached skill level 9 in Invocations
   188 | D        | Gained mutation: You have a pair of antennae on your head.
                  | [demonic ancestry]
   188 | D        | Reached XP level 8. HP: 67/67 MP: 14/14
   188 | D        | Killed a black mamba
   194 | D        | Got the ring of Soqats {rC+ MP+9 Int+5}
   202 | D        | Entered arena 8.
   202 | D        | Noticed a naga mage
   202 | D        | Noticed a naga mage
   203 | D        | Found a transporter.
   209 | D        | Killed a naga mage
   212 | D        | Killed a naga mage
   212 | D        | Reached ****** piety under Makhleb
   213 | D        | Reached skill level 10 in Invocations
   213 | D        | Gained mutation: You regenerate health from kills. [demonic
                  | ancestry]
   213 | D        | Reached XP level 9. HP: 62/75 MP: 16/16
   217 | D        | Got the Handbook of the Snowflakes and the Rocks
   246 | D        | Entered arena 9.
   246 | D        | Noticed a spriggan rider
   246 | D        | Noticed a spriggan druid
   246 | D        | Noticed a spriggan rider
   247 | D        | Found a transporter.
   251 | D        | Killed a spriggan druid
   252 | D        | Reached skill level 11 in Invocations
   253 | D        | Killed a spriggan rider
   254 | D        | Gained mutation: You regenerate magic rapidly. [demonic
                  | ancestry]
   254 | D        | Reached XP level 10. HP: 83/83 MP: 16/18
   277 | D        | Got the ring of Midnight {rElec Will+}
   382 | D        | Entered arena 10.
   382 | D        | Found the +8 mithril axe "Arga" {speed, Will+}
   383 | D        | Found a transporter.
   392 | D        | Reached skill level 12 in Invocations
   413 | D        | Entered arena 11.
   413 | D        | Noticed a black mamba
   414 | D        | Found a transporter.
   417 | D        | Killed a black mamba
   418 | D        | Reached skill level 10 in Fighting
   421 | D        | Reached skill level 10 in Armour
   431 | D        | Got the ring of the Monkey {Wiz rF+ Int+3}
   439 | D        | Entered arena 12.
   439 | D        | Noticed a merfolk javelineer
   439 | D        | Noticed a sea snake
   439 | D        | Noticed a merfolk aquamancer
   439 | D        | Noticed a water nymph
   439 | D        | Noticed a harpy
   439 | D        | Noticed a harpy
   439 | D        | Noticed a water nymph
   439 | D        | Noticed a water nymph
   440 | D        | Noticed a cyclops
   440 | D        | Noticed a merfolk siren
   447 | D        | HP: 3/85 [water nymph (7)]
   447 | D        | Drowned by a water nymph

Illustrated notes

Levels and vault maps discovered:
D:        sprint_v [room_start, room_1, room_2, room_3, room_4, room_5, room_6,
          room_7, room_8, room_9, room_10, room_11, room_12, room_13, room_14,
          room_15, room_16, room_17, room_18, room_19, room_20, room_21,
          room_22, room_23, room_24, room_25, room_26, room_27]

Skill      XL: |  1  2  3  4  5  6  7  8  9 10 |
---------------+-------------------------------+-----
Long Blades    | 3 5 6 7 8 9 |  9.4
Armour         | 4 5 6 7 8 9 10 | 10.0
Dodging        | 1 4 5 6 7 8 |  8.9
Shields        | 3 4 5 6 7 8 9 |  9.3
Invocations    | 3 5 6 7 9 10 11 12 | 12.4
Evocations     | 2 4 5 6 7 9 |  9.7
Fighting       | 5 6 7 8 9 10 | 10.1

Action                   |  1- 3 |  4- 6 |  7- 9 | 10-12 || total
-------------------------+-------+-------+-------+-------++-------
Melee: Double sword      |    10 |     7 |    22 |    33 ||    72
Invok: Greater Servant o |       |       |       |     1 ||     1
  Use: Potion            |     1 |       |       |     2 ||     3
Armor: Plate armour      |     6 |     2 |    12 |    35 ||    55
Dodge: Dodged            |     1 |     1 |     2 |    10 ||    14
Block: Kite shield       |    21 |    13 |    49 |    85 ||   168
       Reflection        |       |       |     1 |       ||     1
